 Dungeon Crawl Stone Soup version 0.16.2-12-gd0ad4c3 (webtiles) character file.

2666 Charly the Cleaver (level 9, -1/79 HPs)
             Began as a Deep Dwarf Gladiator on Aug 13, 2016.
             Was a Priest of Makhleb.
             Killed from afar by a steam dragon (7 damage)
             ... with a ball of steam
             ... on level 11 of the Dungeon.
             The game lasted 00:31:34 (1325 turns).

Charly the Cleaver (Deep Dwarf Gladiator)           Turns: 1325, Time: 00:31:35

Health: -1/79      AC: 11    Str: 25    XL:     9   Next: 37%
Magic:  6/6        EV: 14    Int:  8    God:    Makhleb [***...]
Gold:   98         SH:  0    Dex: 16    Spells: 0 memorised, 8 levels left

rFire  . . .     SeeInvis .     a - +1 war axe
rCold  . . .     Clarity  .     d - +1 scale mail {MR+}
rNeg   . . .     SustAb   +     (no shield)
rPois  .         Gourm    .     c - +0 helmet
rElec  .         Spirit   .     o - +0 cloak
rCorr  .         Warding  .     y - +0 pair of gloves
rMut   .         Stasis   .     (no boots)
MR     ++...                    q - amulet of faith
Stlth  ..........               p - +5 ring of strength
                                m - ring of sustain abilities

@: non-regenerating, very resistant to hostile enchantments, extremely
unstealthy
A: damage resistance, recharge devices, sense surroundings 2, slow healing 3,
spit poison 1
a: Device Recharging, Spit Poison, Minor Destruction, Lesser Servant of Makhleb,
Renounce Religion


You were on level 11 of the Dungeon.
You worshipped Makhleb.
Makhleb was most pleased with you.
You were hungry.

You visited 2 branches of the dungeon, and saw 13 of its levels.

You collected 98 gold pieces.

Inventory:

Hand weapons
 a - a +1 war axe (weapon)
 b - a +0 hand axe of flaming
 z - a +0 blowgun
Armour
 c - a +0 helmet (worn)
 d - a +1 scale mail of magic resistance (worn)
 i - a +0 pair of boots
 o - a +0 cloak (worn)
 w - a +0 plate armour
 y - a +0 pair of gloves (worn)
Jewellery
 m - a ring of sustain abilities (left hand)
 p - a +5 ring of strength (right hand)
 q - an amulet of faith (around neck)
 u - an uncursed amulet of clarity {unknown}
Magical devices
 e - a wand of heal wounds (0)
 t - a wand of random effects (12)
 x - a wand of lightning (2)
 B - a wand of fireball (0)
Scrolls
 s - 2 scrolls of fog
 A - 2 scrolls of fear
 C - a scroll of teleportation
Potions
 g - 4 potions of restore abilities
 h - a potion of cancellation
 j - a potion of magic
 k - a potion of heal wounds {unknown}
 l - a potion of brilliance {unknown}
 n - a potion of curing {unknown}
 r - a potion of haste
Comestibles
 f - a bread ration


   Skills:
 - Level 4.3 Fighting
 + Level 11.4 Axes
 - Level 1.9 Throwing
 - Level 4.5 Armour
 - Level 6.0 Dodging
 + Level 0.0 Invocations


You had 8 spell levels left.
You didn't know any spells.

Dungeon Overview and Level Annotations

Branches:
Dungeon (12/15)            Temple (1/1) D:6
   Lair: D:8-11         Orc: D:9-12

Altars:
Ashenzari
Cheibriados
Dithmenos
Elyvilon
Fedhas
Gozag
Kikubaaqudgha
Makhleb
Nemelex Xobeh
Okawaru
Ru
Sif Muna
Trog
Vehumet
Xom
Zin
The Shining One

Annotations:
D:4 Edmund


Innate Abilities, Weirdness & Mutations

You are resistant to damage.
You can recharge devices by infusing magical energy.
You passively map the area around you.
You do not heal naturally.
You can spit poison.


Message History

Aim: a white ugly thing (lightly wounded)
You throw a throwing net.
The throwing net completely misses the white ugly thing.
The hippogriff screeches!
The white ugly thing tail-slaps you. The white ugly thing freezes you!!
* * * LOW HITPOINT WARNING * * *
An adder and an orc warrior come into view.
Evoke which item? (* to show all) (? for menu, Esc to quit)
Zapping:
e - a wand of heal wounds (1)
Press: ? - help, Shift-Dir - straight line, f - you, p - white ugly thing You feel much better.
This wand has 0 charges left.
The orc warrior shouts!
The white ugly thing tail-slaps you. The white ugly thing freezes you!!
* * * LOW HITPOINT WARNING * * *
The centaur unwields an uncursed shortbow.
The centaur hits you.
* * * LOW HITPOINT WARNING * * *
The steam dragon breathes steam at you. The ball of steam hits you!
You die...

+ , #.. #.#.....#.... *
,*##* #.######...#. * *
#.# #.#### **
###########.######.#
,........(........)[.#
...........))......†.#
*.....................#
, ........(............#
#........@............#
#.......cuD...........#
,#.....................#
* ...$.................#
*
,,...........o.........#
, .............H.......
* ,,
..(......Sos......., *
,,,,............... ,
......... ,,


You could see a white ugly thing, a trapdoor spider (wandering), a hippogriff, a
steam dragon, an orc warrior, a centaur, an orc priest and an adder.

Vanquished Creatures
  An unseen horror (D:11)
  Pikel (D:6)
  A basilisk (D:11)
  A hippogriff (D:8)
  2 sky beasts (D:6)
  An orc warrior (D:6)
  An ogre (D:6)
  A wasp (D:8)
  A big kobold (D:8)
  A scorpion (D:4)
  3 wights (D:11)
  A crimson imp (D:6)
  5 orc priests
  A jelly (D:11)
  A giant frog skeleton (D:11)
  A hound (D:8)
  5 orc wizards
  A giant frog zombie (D:9)
  3 worker ants
  Terence (D:2)
  5 adders
  A shadow imp (D:6)
  A giant gecko (D:1)
  26 orcs
  4 bats
  A giant cockroach (D:1)
  4 goblins
  5 hobgoblins
  7 jackals
  A quokka (D:6)
  A giant newt (D:5)
  A jackal skeleton (D:5)
  7 kobolds
  2 rats
99 creatures vanquished.

Vanquished Creatures (others)
  A hobgoblin (D:6)
1 creature vanquished.

Grand Total: 100 creatures vanquished

Notes
Turn   | Place    | Note
--------------------------------------------------------------
     0 | D:1      | Charly, the Deep Dwarf Gladiator, began the quest for the Orb.
     0 | D:1      | Reached XP level 1. HP: 19/19 MP: 1/1
    49 | D:2      | Noticed Terence
    65 | D:2      | Killed Terence
    65 | D:2      | Reached XP level 2. HP: 19/26 MP: 2/2
   109 | D:2      | Reached XP level 3. HP: 23/32 MP: 3/3
   111 | D:2      | Found a shimmering altar of Xom.
   214 | D:3      | Reached skill level 4 in Axes
   250 | D:4      | Found a shattered altar of Ashenzari.
   251 | D:4      | Found an ancient bone altar of Kikubaaqudgha.
   252 | D:4      | Found a glowing silver altar of Zin.
   311 | D:4      | Noticed a scorpion
   319 | D:4      | Killed a scorpion
   319 | D:4      | Reached skill level 5 in Axes
   319 | D:4      | Reached XP level 4. HP: 19/39 MP: 4/4
   327 | D:4      | Noticed Edmund
   456 | D:4      | Reached XP level 5. HP: 17/45 MP: 5/5
   460 | D:4      | Found a sacrificial altar of Ru.
   472 | D:4      | Reached skill level 6 in Axes
   491 | D:4      | Noticed an ogre
   496 | D:5      | Entered Level 5 of the Dungeon
   542 | D:5      | Found a bloodstained altar of Trog.
   543 | D:5      | Reached skill level 7 in Axes
   543 | D:5      | Reached XP level 6. HP: 26/52 MP: 6/6
   596 | D:6      | Noticed a sky beast
   620 | D:6      | Killed a sky beast
   620 | D:6      | Reached skill level 8 in Axes
   642 | D:6      | Found a staircase to the Ecumenical Temple.
   647 | Temple   | Entered the Ecumenical Temple
   669 | Temple   | Became a worshipper of Makhleb the Destroyer
   770 | D:6      | Reached XP level 7. HP: 26/60 MP: 7/7
   777 | D:6      | Noticed an orc warrior
   779 | D:6      | Acquired Makhleb's first power
   790 | D:6      | Noticed Pikel
   791 | D:6      | HP: 2/60 [orc warrior/flail (2)]
   800 | D:6      | Noticed a slave
   801 | D:6      | Noticed a slave
   802 | D:6      | Noticed a slave
   804 | D:6      | Noticed a slave
   806 | D:6      | Killed an orc warrior
   821 | D:6      | Reached skill level 9 in Axes
   834 | D:6      | Killed Pikel
   834 | D:6      | Reached skill level 10 in Axes
   834 | D:6      | Reached XP level 8. HP: 34/67 MP: 6/6
   916 | D:6      | Noticed an ogre
   925 | D:6      | Killed an ogre
  1006 | D:6      | Noticed a sky beast
  1012 | D:6      | Killed a sky beast
  1012 | D:6      | Reached skill level 1 in Armour
  1023 | D:7      | Gained mutation: You can spit poison. [potion of beneficial mutation]
  1062 | D:8      | 10/12
  1064 | D:8      | Acquired Makhleb's second power
  1115 | D:8      | Reached skill level 11 in Axes
  1122 | D:8      | Reached skill level 5 in Dodging
  1142 | D:10     | Entered Level 10 of the Dungeon
  1272 | D:11     | Gained mutation: You passively map the area around you. [level up]
  1272 | D:11     | Reached XP level 9. HP: 44/78 MP: 6/6
  1278 | D:11     | Killed an unseen horror
  1278 | D:11     | Acquired Makhleb's third power
  1317 | D:11     | Noticed a white ugly thing
  1325 | D:11     | Killed from afar by a steam dragon

Action                   |  1- 3 |  4- 6 |  7- 9 || total
-------------------------+-------+-------+-------++-------
Melee: War axe           |    44 |    96 |   163 ||   303
Throw: Throwing net      |     2 |     1 |     5 ||     8
 Abil: Device Recharging |       |       |     3 ||     3
Evoke: Wand              |       |     3 |    17 ||    20
  Use: Scroll            |     2 |     6 |     1 ||     9
       Potion            |       |       |     1 ||     1
 Stab: Held in net/web   |     3 |     1 |     1 ||     5
  Eat: Beef jerky        |     1 |       |       ||     1
